 Dungeon Crawl Stone Soup version bcrawl-1.18.1 (webtiles) character file.

Game seed: 3175093746546384620

2272 Freyura the Basher (level 9, -1/56 HPs)
             Began as a Gargoyle Fighter on Nov 11, 2019.
             Slain by an orc warrior
             ... wielding a +0 flail
              (15 damage)
             ... in the Ecumenical Temple.
             The game lasted 00:16:55 (5879 turns).

Freyura the Basher (Gargoyle Fighter)               Turns: 5879, Time: 00:16:56

Health: -1/56      AC: 16    Str: 20    XL:     9   Next: 38%
Magic:  9/9        EV:  8    Int:  9    God:
Gold:   367        SH: 10    Dex: 12    Spells: 8/8 levels left

rFire    . . .     SeeInvis .   d - +3 mace (holy)
rCold    . . .     Gourm    .   c - +0 shield
rNeg     + . .     Faith    .   b - +0 scale mail
rPois    ∞         Spirit   .   h - +0 helmet
rElec    +         Reflect  .   (no cloak)
rCorr    .         Harm     .   (no gloves)
MR       .....                  n - +0 pair of boots
Stlth    ..........             (no amulet)
HPRegen  0.18/turn              (no ring)
MPRegen  0.11/turn              (no ring)

@: no status effects
A: negative energy resistance 1, electricity resistance, unbreathing,
petrification resistance, rot immunity, AC +6
a: no special abilities


You were in the Ecumenical Temple.
You were not hungry.

You visited 2 branches of the dungeon, and saw 7 of its levels.
You also visited: Sewer.

You collected 367 gold pieces.

Inventory:

Hand Weapons
 d - a +3 mace of holy wrath (weapon)
Armour
 a - a +0 chain mail
 b - a +0 scale mail (worn)
 c - a +0 shield (worn)
 h - a +0 helmet (worn)
 m - a +0 plate armour
 n - a +0 pair of boots (worn)
Wands
 g - a wand of disintegration (9)
Scrolls
 e - 2 scrolls of blinking
 i - 2 scrolls of identify
 l - 4 scrolls of remove curse
 o - 3 scrolls of amnesia
 p - 2 scrolls of teleportation
Potions
 j - 2 potions of brilliance
 k - 2 potions of heal wounds
 q - a potion of cancellation {unknown}
 r - a potion of magic {unknown}
 s - 3 potions of curing
 t - a potion of agility {unknown}
 u - a potion of flight {unknown}
 v - a potion of lignification {unknown}
Comestibles
 f - 9 rations {!d}


   Skills:
 + Level 6.8 Fighting
 * Level 8.1 Maces & Flails
 + Level 6.8 Armour
 + Level 6.8 Shields


You had 8 spell levels left.
You didn't know any spells.
Your spell library contained the following spells:

 Spells                   Type           Power        Failure   Level  Hunger
 Corona                   Hex            #......      97%         1    ##.....
 Ensorcelled Hibernation  Hex/Ice        #.....       99%         2    ###....
 Confuse                  Hex            #.......     100%        3    ####...
 Dazzling Spray           Conj/Hex       #.....       100%        3    ####...
 Tukima's Dance           Hex            #.......     100%        3    ####...


Dungeon Overview and Level Annotations

Branches:
Dungeon (6/12)             Temple (1/1) D:6

Altars:


Innate Abilities, Weirdness & Mutations

You are resistant to torment.
Your stone body is resilient. (AC +6)
You are immune to poison.
You resist negative energy. (rN+)
You are resistant to electric shocks. (rElec)
You can survive without breathing.
You are immune to petrification.
You are immune to rotting.


Message History

You block the orc warrior's attack.
You hit the orc warrior but do no damage.
The orc warrior is heavily wounded.
You block the orc warrior's attack.
You hit the orc warrior but do no damage.
The orc warrior is heavily wounded.
The orc warrior hits you but does no damage.
You hit the orc warrior.
The orc warrior is heavily wounded.
The orc warrior barely misses you.
You closely miss the orc warrior.
The orc warrior is heavily wounded.
The orc warrior barely misses you.
Your shield prevents you from hitting the orc warrior.
The orc warrior is heavily wounded.
You block the orc warrior's attack.
You sock the orc warrior!
The orc warrior is almost dead.
The orc warrior hits you with a +0 flail!
You die...

............≈≈≈.
≈≈≈≈≈≈≈......≈≈≈
≈≈≈≈≈≈≈≈≈.....≈≈
.....≈≈≈≈≈....≈≈
.........≈....≈≈
≈≈≈≈≈........≈≈≈
≈≈.........≈≈≈..
.......@<.......
...≈≈≈.o.......≈
.≈≈≈........≈≈≈≈
≈≈≈....≈........
≈≈≈....≈≈≈≈≈....
≈≈≈.....≈≈≈≈≈≈≈≈
.≈≈≈......≈≈≈≈≈≈
..≈≈≈...........


You could see an orc warrior.

Vanquished Creatures
  A hippogriff (D:6)
  Sigmund (D:5)
  Eustachio (D:4)
  3 yaks
  An ogre (D:4)
  A centaur (D:4)
  3 big kobolds
  A bullfrog (D:4)
  A scorpion (D:6)
  A wyvern skeleton (D:6)
  2 crimson imps
  A centaur zombie (D:6)
  A gnoll shaman (D:5)
  3 orc priests
  7 orc wizards
  2 iguanas (D:4)
  3 worker ants
  A worker ant zombie (D:5)
  4 gnolls (D:5)
  7 adders
  4 oozes
  3 worms (D:2)
  2 dart slugs
  7 leopard geckos
  22 orcs
  3 bats
  6 giant cockroaches
  7 goblins
  4 hobgoblins
  9 jackals
  3 quokkas
  5 ball pythons
  8 frilled lizards
  24 kobolds
  A leopard gecko skeleton (D:4)
  A quokka skeleton (D:5)
  15 rats
169 creatures vanquished.

Notes
Turn   | Place    | Note
-------+----------+-------------------------------------------
     0 | D:1      | Freyura the Gargoyle Fighter began the quest for the Orb.
     0 | D:1      | Reached XP level 1. HP: 14/14 MP: 1/1
   177 | D:1      | Reached XP level 2. HP: 19/19 MP: 2/2
   504 | D:1      | Reached XP level 3. HP: 22/23 MP: 3/3
  1278 | D:2      | Reached skill level 3 in Maces & Flails
  1294 | D:2      | Reached XP level 4. HP: 23/29 MP: 4/4
  2535 | D:3      | Reached XP level 5. HP: 33/33 MP: 5/5
  2716 | D:3      | Found a glowing drain.
  2720 | Sewer    | Entered a sewer
  2894 | Sewer    | Noticed a big kobold
  2904 | Sewer    | Killed a big kobold
  2904 | Sewer    | Reached skill level 4 in Maces & Flails
  2904 | Sewer    | Reached XP level 6. HP: 36/38 MP: 6/6
  3319 | D:4      | Noticed Eustachio
  3380 | D:4      | Killed Eustachio
  3380 | D:4      | Reached skill level 5 in Maces & Flails
  3380 | D:4      | Reached XP level 7. HP: 14/44 MP: 7/7
  3755 | D:4      | Reached skill level 5 in Fighting
  3755 | D:4      | Reached skill level 5 in Armour
  3765 | D:4      | Reached skill level 5 in Shields
  4148 | D:4      | Reached XP level 8. HP: 36/49 MP: 8/8
  4256 | D:4      | Reached skill level 6 in Maces & Flails
  4534 | D:5      | Entered Level 5 of the Dungeon
  4610 | D:5      | Noticed a yak
  4619 | D:5      | Noticed a yak
  4621 | D:5      | Noticed a yak
  4626 | D:5      | Killed a yak
  4645 | D:4      | Killed a yak
  5018 | D:5      | Noticed Sigmund
  5040 | D:5      | Killed Sigmund
  5040 | D:5      | Reached skill level 7 in Maces & Flails
  5216 | D:5      | Killed a yak
  5216 | D:5      | Reached XP level 9. HP: 39/56 MP: 9/9
  5833 | D:6      | Found a staircase to the Ecumenical Temple.
  5850 | D:6      | Reached skill level 8 in Maces & Flails
  5869 | Temple   | Entered the Ecumenical Temple
  5879 | Temple   | Slain by an orc warrior

Skill      XL: |  1  2  3  4  5  6  7  8  9 |
---------------+----------------------------+-----
Maces & Flails | 3 4 5 7 8 |  8.1
Fighting       | 4 5 6 |  6.8
Armour         | 4 5 6 |  6.8
Shields        | 4 5 6 |  6.8

Action                   |  1- 3 |  4- 6 |  7- 9 || total
-------------------------+-------+-------+-------++-------
Melee: Flail             |   133 |    26 |       ||   159
       Mace              |       |   211 |   294 ||   505
  Use: Scroll            |       |     8 |     1 ||     9
       Potion            |       |     3 |     4 ||     7
  Eat: Chunk             |     1 |     7 |     9 ||    17
Armor: Scale mail        |    71 |   203 |   165 ||   439
Dodge: Dodged            |    44 |   109 |   110 ||   263
Block: Shield            |    92 |   165 |   175 ||   432
